MLB
PHILADELPHIA PHILLIES @ LAS VEGAS HUSTLE
10/06/2098
 
TOP OF THE 1ST
Philadelphia Phillies batting - Pitching for Las Vegas Hustle : RHP Justin Price
Pitching: RHP Justin Price
Batting: RHB Ryan Klepper 0-0: Swinging Strike
0-1: Foul Ball, location: 5FF
0-2: Ball
1-2: Ball
2-2: Foul Ball, location: 9LDF
2-2: Ball
3-2: Foul Ball, location: 9LSF
3-2: Fly out, F6 (Popup, P, EV 81.3 MPH)
Batting: SHB Tim Spotton 0-0: TRIPLE (Flyball, 8RXD, EV 87.5 MPH)
Batting: SHB Pete Ray 0-0: Ball
1-0: Ball
2-0: Ball
3-0: Called Strike
3-1: Ground out 4-3 (Groundball, 4MS, EV 69.4 MPH)
Batting: RHB David Schafer 0-0: Called Strike
0-1: Ball
1-1: Fly out, F8 (Flyball, 8RS, EV 100.0 MPH)
Top of the 1st over - 0 runs, 1 hit, 0 errors, 1 left on base; Philadelphia 0 - Las Vegas 0
BOTTOM OF THE 1ST
Las Vegas Hustle batting - Pitching for Philadelphia Phillies : RHP Kyle Horn
Pitching: RHP Kyle Horn
Batting: LHB Steve Lawler 0-0: Bunt missed!
0-1: Ball
1-1: Ball
2-1: Ball
3-1: Called Strike
3-2: Strikes out swinging
Batting: RHB Rick Roberds 0-0: Called Strike
0-1: SINGLE (Line Drive, 4D, EV 98.1 MPH)
Batting: RHB Tony Ledezma 0-0: Ball
Rick Roberds steals 2nd base
1-0: Ball
2-0: Ball
3-0: Base on Balls
Batting: RHB John Conway 0-0: Grounds into double play, 5-4-3 (Groundball, 56, EV 93.8 MPH)
Bottom of the 1st over - 0 runs, 1 hit, 0 errors, 1 left on base; Philadelphia 0 - Las Vegas 0
TOP OF THE 2ND
Philadelphia Phillies batting - Pitching for Las Vegas Hustle : RHP Justin Price
Batting: RHB Vicente Vargas 0-0: Called Strike
0-1: Ball
1-1: Called Strike
1-2: Strikes out swinging
Batting: RHB Luis Esquivel 0-0: SINGLE (Groundball, 34D, EV 101.9 MPH)
Batting: RHB Jason Waid 0-0: Foul Ball, location: 9LMF
0-1: Ball
1-1: Ball
2-1: Ball
3-1: Called Strike
3-2: Strikes out looking
Batting: RHB Aaron Marler 0-0: Ball
1-0: Called Strike
1-1: Swinging Strike
1-2: Strikes out looking
Top of the 2nd over - 0 runs, 1 hit, 0 errors, 1 left on base; Philadelphia 0 - Las Vegas 0
BOTTOM OF THE 2ND
Las Vegas Hustle batting - Pitching for Philadelphia Phillies : RHP Kyle Horn
Batting: RHB Clint Hurley 0-0: Called Strike
0-1: Ball
1-1: Ball
2-1: Ball
3-1: Base on Balls
Batting: LHB Yazid Deacon 0-0: DOUBLE (Line Drive, 78XD, EV 105.6 MPH)
Clint Hurley to third
Batting: SHB Josh Osborne 0-0: Foul Ball, location: 5F
0-1: Fly out, F7 (Flyball, 78S, EV 87.5 MPH)
Batting: SHB Jose Espinoza 0-0: Fly out, F5 (Popup, 5SF, EV 77.5 MPH)
Batting: SHB Alberto Aguilar 0-0: Ball
1-0: Foul Ball, location: 7LSF
1-1: DOUBLE (Flyball, 7LD, EV 96.3 MPH)
Clint Hurley scores
Yazid Deacon scores
Batting: LHB Steve Lawler 0-0: Ground out U3 (Groundball, 3L, EV 83.1 MPH)
Bottom of the 2nd over - 2 runs, 2 hits, 0 errors, 1 left on base; Philadelphia 0 - Las Vegas 2
TOP OF THE 3RD
Philadelphia Phillies batting - Pitching for Las Vegas Hustle : RHP Justin Price
Batting: RHB Josh Hester 0-0: Ball
1-0: Ball
2-0: Ball
3-0: Called Strike
3-1: Ground out 3-1 (Groundball, 34, EV 101.3 MPH)
Batting: RHB Ryan Klepper 0-0: Ball
1-0: Ball
2-0: Called Strike
2-1: SINGLE (Groundball, 34D, EV 103.8 MPH)
Batting: SHB Tim Spotton 0-0: Ball
1-0: Called Strike
1-1: Ball
2-1: Fly out, F4 (Popup, 34D, EV 71.9 MPH)
Batting: SHB Pete Ray 0-0: Ball
1-0: Foul Ball, location: 2LF
1-1: 2-RUN HOME RUN (Flyball, 9D, EV 101.3 MPH), Distance : 388 ft
Batting: RHB David Schafer 0-0: Ball
1-0: DOUBLE (Flyball, 89XD, EV 88.8 MPH)
Batting: RHB Vicente Vargas 0-0: Called Strike
0-1: Called Strike
0-2: Ball
1-2: Ball
2-2: Ground out 2-3 (Groundball, 13S, EV 66.3 MPH)
Top of the 3rd over - 2 runs, 3 hits, 0 errors, 1 left on base; Philadelphia 2 - Las Vegas 2
BOTTOM OF THE 3RD
Las Vegas Hustle batting - Pitching for Philadelphia Phillies : RHP Kyle Horn
Batting: RHB Rick Roberds 0-0: Called Strike
0-1: Ball
1-1: Ball
2-1: Called Strike
2-2: Strikes out swinging
Batting: RHB Tony Ledezma 0-0: Ball
1-0: Called Strike
1-1: Ground out 6-3 (Groundball, 4MS, EV 65.6 MPH)
Batting: RHB John Conway 0-0: Ball
1-0: Ball
2-0: Called Strike
2-1: Called Strike
2-2: Ball
3-2: Foul Ball, location: 2F
3-2: Fly out, F9 (Flyball, 9S, EV 96.3 MPH)
Bottom of the 3rd over - 0 runs, 0 hits, 0 errors, 0 left on base; Philadelphia 2 - Las Vegas 2
TOP OF THE 4TH
Philadelphia Phillies batting - Pitching for Las Vegas Hustle : RHP Justin Price
Batting: RHB Luis Esquivel 0-0: Called Strike
0-1: Fly out, F9 (Flyball, 9D, EV 110.0 MPH)
Batting: RHB Jason Waid 0-0: Foul Ball, location: 2F
0-1: Foul Ball, location: 2F
0-2: Ball
1-2: Strikes out looking
Batting: RHB Aaron Marler 0-0: Ball
1-0: Ball
2-0: Swinging Strike
2-1: Called Strike
2-2: Foul Ball, location: 9LDF
2-2: Foul Ball, location: 5FF
2-2: Strikes out swinging
Top of the 4th over - 0 runs, 0 hits, 0 errors, 0 left on base; Philadelphia 2 - Las Vegas 2
BOTTOM OF THE 4TH
Las Vegas Hustle batting - Pitching for Philadelphia Phillies : RHP Kyle Horn
Batting: RHB Clint Hurley 0-0: Foul Ball, location: 3FF
0-1: SINGLE (Line Drive, 9LS, EV 105.6 MPH)
Batting: LHB Yazid Deacon 0-0: DOUBLE (Flyball, 89XD, EV 94.4 MPH)
Clint Hurley to third
Batting: SHB Josh Osborne 0-0: Called Strike
0-1: Foul Ball, location: 2LF
0-2: Ball
1-2: Strikes out swinging
Batting: SHB Jose Espinoza 0-0: Ball
1-0: Fly out, F8 (Flyball, 8LXD, EV 95.6 MPH)
Runner from 3rd tags up, SCORES, no throw by CF
Batting: SHB Alberto Aguilar 0-0: Ball
1-0: Ball
2-0: Ball
3-0: Base on Balls
Batting: LHB Steve Lawler 0-0: Ball
1-0: Foul Ball, location: 7LDF
1-1: Called Strike
1-2: Strikes out looking
Bottom of the 4th over - 1 run, 2 hits, 0 errors, 2 left on base; Philadelphia 2 - Las Vegas 3
TOP OF THE 5TH
Philadelphia Phillies batting - Pitching for Las Vegas Hustle : RHP Justin Price
Batting: RHB Josh Hester 0-0: Ball
1-0: Called Strike
1-1: Ground out 5-3 (Groundball, 56, EV 105.6 MPH)
Batting: RHB Ryan Klepper 0-0: Ball
1-0: Ball
2-0: Fly out, F7 (Line Drive, 7S, EV 105.0 MPH)
Batting: SHB Tim Spotton 0-0: Called Strike
0-1: Fly out, F4 (Popup, 4M, EV 65.6 MPH)
Top of the 5th over - 0 runs, 0 hits, 0 errors, 0 left on base; Philadelphia 2 - Las Vegas 3
BOTTOM OF THE 5TH
Las Vegas Hustle batting - Pitching for Philadelphia Phillies : RHP Kyle Horn
Batting: RHB Rick Roberds 0-0: Foul Ball, location: 2F
0-1: SINGLE (Groundball, 6MD, EV 94.4 MPH)
Batting: RHB Tony Ledezma 0-0: Called Strike
0-1: Foul Ball, location: 5SF
0-2: Strikes out swinging
Batting: RHB John Conway 0-0: Ball
1-0: Called Strike
1-1: Ball
2-1: Foul Ball, location: 5F
2-2: Ball
3-2: Fly out, F7 (Flyball, 7D, EV 105.6 MPH)
Pitching: RHP Eric Allard
Batting: RHB Clint Hurley 0-0: Ball
1-0: Ground out 1-3 (Groundball, 13S, EV 70.0 MPH)
Bottom of the 5th over - 0 runs, 1 hit, 0 errors, 1 left on base; Philadelphia 2 - Las Vegas 3
TOP OF THE 6TH
Philadelphia Phillies batting - Pitching for Las Vegas Hustle : RHP Justin Price
Batting: SHB Pete Ray 0-0: Ball
1-0: Swinging Strike
1-1: Ground out 4-3 (Groundball, 4, EV 101.9 MPH)
Batting: RHB David Schafer 0-0: Foul Ball, location: 25F
0-1: Ball
1-1: Ball
2-1: SINGLE (Line Drive, 6D, EV 95.0 MPH)
Batting: RHB Vicente Vargas 0-0: Called Strike
0-1: Ball
1-1: Swinging Strike
1-2: Ball
2-2: SINGLE (Line Drive, 8LS, EV 98.1 MPH)
David Schafer to second
Runner from 2nd tries for 3rd, SAFE, no throw by CF
Batting: RHB Luis Esquivel 0-0: Ball
1-0: Foul Ball, location: 2F
1-1: Fly out, F8 (Flyball, 8RS, EV 71.3 MPH)
Batting: RHB Jason Waid 0-0: Ball
1-0: SINGLE (Line Drive, 9LM, EV 95.0 MPH)
David Schafer scores
Vicente Vargas to second
Runner from 2nd tries for 3rd, SAFE, throw by RF made to third
Pinch Hitting: RHB Chad Larson 0-0: Ball
1-0: SINGLE (Line Drive, 89S, EV 93.1 MPH)
Vicente Vargas scores
Jason Waid to second
Runner from 2nd tries for 3rd, SAFE, no throw by RF
Pitching: RHP Bill Grow
Batting: RHB Josh Hester 0-0: Ball
1-0: Fly out, F8 (Flyball, 8LM, EV 95.0 MPH)
Top of the 6th over - 2 runs, 4 hits, 0 errors, 2 left on base; Philadelphia 4 - Las Vegas 3
BOTTOM OF THE 6TH
Las Vegas Hustle batting - Pitching for Philadelphia Phillies : RHP Eric Allard
Pitching: LHP Jason Boles
Now at 2B: Jason Garza
Pinch Hitting: RHB Norge Carlos Hernandez 0-0: Ball
1-0: Foul Ball, location: 2F
1-1: Foul Ball, location: 2F
1-2: Strikes out swinging
Batting: SHB Josh Osborne 0-0: Ground out 5-3 (Groundball, 56, EV 80.0 MPH)
Batting: SHB Jose Espinoza 0-0: Fly out, F8 (Line Drive, 8RD, EV 91.9 MPH)
Bottom of the 6th over - 0 runs, 0 hits, 0 errors, 0 left on base; Philadelphia 4 - Las Vegas 3
TOP OF THE 7TH
Philadelphia Phillies batting - Pitching for Las Vegas Hustle : RHP Bill Grow
Now in RF: Norge Carlos Hernandez
Batting: RHB Ryan Klepper 0-0: Foul Ball, location: 2F
0-1: Ball
1-1: Ball
2-1: Foul Ball, location: 2F
2-2: Strikes out looking
Batting: SHB Tim Spotton 0-0: Called Strike
0-1: Ball
1-1: SINGLE (Line Drive, 78S, EV 91.9 MPH)
Batting: SHB Pete Ray 0-0: Called Strike
0-1: Ball
Tim Spotton steals 2nd base
1-1: Intentional Walk
Batting: RHB David Schafer 0-0: Called Strike
0-1: Grounds into double play, 6-4-3 (Groundball, 6, EV 103.8 MPH)
Top of the 7th over - 0 runs, 1 hit, 0 errors, 1 left on base; Philadelphia 4 - Las Vegas 3
BOTTOM OF THE 7TH
Las Vegas Hustle batting - Pitching for Philadelphia Phillies : LHP Jason Boles
Pitching: RHP Nick Farrier
Batting: SHB Alberto Aguilar 0-0: Ball
1-0: Ball
2-0: Ball
3-0: Called Strike
3-1: Base on Balls
Batting: LHB Steve Lawler 0-0: Fly out, F9 (Line Drive, 89M, EV 97.5 MPH)
Batting: RHB Rick Roberds 0-0: Reached on error, E6 (Groundball, 6S, EV 60.6 MPH)
Alberto Aguilar to third
Batting: RHB Tony Ledezma 0-0: Ball
1-0: Ball
2-0: Ball
3-0: Called Strike
3-1: Base on Balls
Batting: RHB John Conway 0-0: Ball
1-0: Foul Ball, location: 2LF
1-1: Grounds into fielders choice 6-2 (Groundball, 6, EV 81.9 MPH)
Rick Roberds to third
Tony Ledezma to second
Batting: RHB Clint Hurley 0-0: Ball
1-0: Foul Ball, location: 5DF
1-1: Ground out U3 (Groundball, 34, EV 81.9 MPH)
Bottom of the 7th over - 0 runs, 0 hits, 1 error, 3 left on base; Philadelphia 4 - Las Vegas 3
TOP OF THE 8TH
Philadelphia Phillies batting - Pitching for Las Vegas Hustle : RHP Bill Grow
Batting: RHB Vicente Vargas 0-0: Ball
1-0: SINGLE (Line Drive, 4D, EV 104.4 MPH)
Batting: RHB Luis Esquivel 0-0: Ball
1-0: Ball
2-0: Swinging Strike
2-1: Ball
3-1: Bunted foul
3-2: Foul Ball, location: 23F
3-2: Foul Ball, location: 2F
3-2: SINGLE (Line Drive, 9S, EV 100.6 MPH)
Vicente Vargas to second
Vicente Vargas to third
Pitching: RHP Jerry Perez
Batting: RHB Jason Waid 0-0: Called Strike
Luis Esquivel steals 2nd base
0-1: Ball
1-1: Swinging Strike
1-2: Strikes out swinging
Batting: RHB Jason Garza 0-0: Ball
1-0: Ball
2-0: Ball
3-0: Base on Balls
Batting: RHB Josh Hester 0-0: Ball
1-0: Ball
2-0: Ball
3-0: Called Strike
3-1: Called Strike
3-2: Foul Ball, location: 2F
3-2: Base on Balls
Vicente Vargas scores
Luis Esquivel to third
Jason Garza to second
Batting: RHB Ryan Klepper 0-0: Called Strike
0-1: Foul Ball, location: 9LSF
0-2: Foul Ball, location: 9LMF
0-2: Strikes out looking
Batting: SHB Tim Spotton 0-0: GRAND SLAM HOME RUN (Flyball, 9D, EV 95.0 MPH), Distance : 367 ft
Batting: SHB Pete Ray 0-0: SOLO HOME RUN (Flyball, 89XD, EV 98.8 MPH), Distance : 408 ft
Pitching: LHP Brad Nelson
Batting: RHB David Schafer 0-0: Ball
1-0: Called Strike
1-1: Ball
2-1: Ball
3-1: Called Strike
3-2: Fly out, F8 (Flyball, 8LXD, EV 83.1 MPH)
Top of the 8th over - 6 runs, 4 hits, 0 errors, 0 left on base; Philadelphia 10 - Las Vegas 3
BOTTOM OF THE 8TH
Las Vegas Hustle batting - Pitching for Philadelphia Phillies : RHP Nick Farrier
Batting: RHB Norge Carlos Hernandez 0-0: Ball
1-0: Ball
2-0: Foul Ball, location: 2F
2-1: Fly out, F9 (Line Drive, 89M, EV 91.9 MPH)
Batting: SHB Josh Osborne 0-0: Swinging Strike
0-1: Ball
1-1: Ball
2-1: SOLO HOME RUN (Flyball, 78XD, EV 103.8 MPH), Distance : 422 ft
Batting: SHB Jose Espinoza 0-0: Ball
1-0: Ball
2-0: Swinging Strike
2-1: SINGLE (Groundball, 6MD, EV 105.0 MPH)
Batting: SHB Alberto Aguilar 0-0: Called Strike
0-1: Ball
1-1: Ball
2-1: Grounds into double play, 6-4-3 (Groundball, 6MS, EV 88.8 MPH)
Bottom of the 8th over - 1 run, 2 hits, 0 errors, 0 left on base; Philadelphia 10 - Las Vegas 4
TOP OF THE 9TH
Philadelphia Phillies batting - Pitching for Las Vegas Hustle : LHP Brad Nelson
Batting: RHB Vicente Vargas 0-0: Called Strike
0-1: Called Strike
0-2: Foul Ball, location: 9LMF
0-2: Strikes out swinging
Batting: RHB Luis Esquivel 0-0: Called Strike
0-1: Fly out, F6 (Popup, 6M, EV 60.0 MPH)
Batting: RHB Jason Waid 0-0: Ground out 6-3 (Groundball, 6, EV 89.4 MPH)
Top of the 9th over - 0 runs, 0 hits, 0 errors, 0 left on base; Philadelphia 10 - Las Vegas 4
BOTTOM OF THE 9TH
Las Vegas Hustle batting - Pitching for Philadelphia Phillies : RHP Nick Farrier
Batting: LHB Steve Lawler 0-0: Called Strike
0-1: Swinging Strike
0-2: Ball
1-2: Strikes out swinging
Batting: RHB Rick Roberds 0-0: Foul Ball, location: 2F
0-1: Ball
1-1: Ball
2-1: Called Strike
2-2: Foul Ball, location: 7LMF
2-2: Ball
3-2: Foul Ball, location: 2F
3-2: Strikes out looking
Batting: RHB Tony Ledezma 0-0: Foul Ball, location: 5F
0-1: Foul Ball, location: 2F
0-2: Ball
1-2: Ground out 4-3 (Groundball, 4MS, EV 84.4 MPH)
Bottom of the 9th over - 0 runs, 0 hits, 0 errors, 0 left on base; Philadelphia 10 - Las Vegas 4
Tuesday, April 16th , 2024 - OOTP Baseball 24.11 Build 85